 Dungeon Crawl Stone Soup version 0.31-a0-1511-g961fd35ebc (webtiles) character file.

Game seed: 10271389221582468820

815 James the Gusty (level 7, -7/40 HPs)
             Began as a Tengu Air Elementalist on Dec 30, 2023.
             Mangled by Prince Ribbit (13 damage)
             ... on level 4 of the Dungeon.
             The game lasted 00:20:03 (4975 turns).

James the Gusty (Tengu Air Elementalist)            Turns: 4975, Time: 00:20:04

Health: -7/40      AC:  2    Str:  9    XL:     7   Next: 94%
Magic:  9/16       EV: 16    Int: 17    God:
Gold:   140        SH:  0    Dex: 14    Spells: 14/17 levels left

rFire   . . .        C - +2 dagger (speed)
rCold   . . .        (no shield)
rNeg    . . .        a - +0 robe
rPois   .            (helmet restricted)
rElec   .            (no cloak)
rCorr   .            (no gloves)
SInv    .            (boots unavailable)
Will    .....        (no amulet)
Stlth   ++           (no ring)
HPRegen 0.26/turn    (no ring)
MPRegen 0.15/turn

%: acrobat
@: flying
A: beak, talons 3, evasive flight, acrobatic
a: no special abilities


You were on level 4 of the Dungeon.
You visited 1 branch of the dungeon, and saw 5 of its levels.
You also visited: Ossuary.

You collected 140 gold pieces.

Inventory:

Hand Weapons
 e - a +0 dagger
   (You took it off a goblin on level 1 of the Dungeon)
 l - a +0 morningstar
   (You found it on level 1 of the Dungeon)
 m - a +0 spear
   (You found it on level 1 of the Dungeon)
 o - a +0 short sword
   (You took it off a kobold on level 1 of the Dungeon)
 u - a +0 dagger of venom
   (You took it off a goblin on level 2 of the Dungeon)
 x - a +0 lajatang
   (You found it on level 2 of the Dungeon)
 y - a +0 hand axe of freezing
   (You took it off an orc on level 3 of the Dungeon)
 C - a +2 dagger of speed (weapon)
   (You found it on level 3 of the Dungeon)
 E - a +0 quarterstaff
   (You found it on level 3 of the Dungeon)
 J - a +1 heavy hand axe
   (You took it off an orc on level 5 of the Dungeon)
Missiles
 j - 32 stones
 A - a boomerang
 H - 7 poisoned darts
Armour
 a - a +0 robe (worn)
 n - a +0 scale mail
   (You found it on level 1 of the Dungeon)
 q - a +0 robe
   (You found it on level 1 of the Dungeon)
 r - a +0 robe
   (You took it off a goblin on level 2 of the Dungeon)
 s - a +0 leather armour
   (You found it on level 2 of the Dungeon)
 w - a +0 chain mail
   (You took it off Terence on level 2 of the Dungeon)
 G - a +0 scale mail
   (You found it on level 3 of the Dungeon)
 I - a +0 ring mail
   (You took it off an orc on level 5 of the Dungeon)
 K - a +0 ring mail
   (You took it off an orc on level 5 of the Dungeon)
Scrolls
 c - a scroll of immolation {unknown}
 f - 3 scrolls of teleportation {unknown}
 h - a scroll of torment {unknown}
 i - 2 scrolls of enchant armour {unknown}
 k - a scroll of vulnerability {unknown}
 t - 2 scrolls of acquirement {unknown}
 F - a scroll of fear {unknown}
 N - a scroll of fog {unknown}
Potions
 b - a potion of degeneration {unknown}
 d - a potion of ambrosia {unknown}
 g - a potion of haste {@q3}
 p - 2 potions of magic
 v - a potion of invisibility {unknown}
 z - 2 potions of curing {unknown}
 B - a potion of might {unknown}
 D - a potion of resistance
 L - a potion of brilliance {unknown}
 M - a potion of enlightenment
 O - a potion of mutation {unknown}
 P - 2 potions of cancellation


   Skills:
 - Level 2.0 Fighting
 - Level 2.1 Dodging
 - Level 2.0 Stealth
 + Level 5.8 Spellcasting
 - Level 6.0 Conjurations
 - Level 6.0 Air Magic


You had 14 spell levels left.
You knew the following spells:

 Your Spells              Type           Power      Damage    Failure   Level
a - Shock                 Conj/Air       100%       1d9       1%          1
d - Static Discharge      Conj/Air       50%        3-6/arc   1%          2

Your spell library contained the following spells:

 Spells                   Type           Power      Damage    Failure   Level
 Magic Dart               Conj           100%       1d8       1%          1
 Swiftness                Air            25%        N/A       3%          3
 Airstrike                Air            12%        2d(2-18)  11%         4
 Blink                    Tloc           8%         N/A       21%         2
 Call Imp                 Summ           8%         N/A       21%         2


Dungeon Overview and Level Annotations

Branches:
Dungeon (5/15)             Temple (0/1) D:5         Ossuary (visited)

Altars:
Okawaru

Annotations:
D:4 Prince Ribbit


Innate Abilities, Weirdness & Mutations

You have a beak for a mouth.
You have claws for feet.
Your magical flight helps you evade attacks. (EV +4)
You can magically evade attacks while moving or waiting.


Message History

The centaur shouts!
Prince Ribbit croaks.
You hear an angry hiss.
Prince Ribbit blinks!
The centaur wields a +0 shortbow.
The centaur shoots an arrow.
The arrow hits you!
The centaur shoots an arrow.
The arrow hits you.
Prince Ribbit moves out of view.
The iguana moves out of view.
The centaur shoots an arrow.
The arrow closely misses you.
There is a stone staircase leading up here.
The centaur shoots an arrow.
The arrow closely misses you.
You fly upwards.
There is a stone staircase leading down here.
You start resting.
You fly downwards.
Level annotation: Prince Ribbit The adder hisses angrily.
You hear an angry hiss.
Prince Ribbit misses you. x2; Prince Ribbit blinks!
There is a stone staircase leading up here.
The adder completely misses you. Prince Ribbit completely misses you.
Prince Ribbit is struck by an arc of lightning!
You are struck by an arc of lightning.
The lightning grounds out.
The adder is struck by an arc of lightning!
The centaur is struck by an arc of lightning.
The lightning grounds out.
Prince Ribbit blinks!
The adder misses you.
The adder is struck by an arc of lightning.
You kill the adder!
The centaur is struck by an arc of lightning.
The iguana is struck by an arc of lightning.
The centaur is struck by an arc of lightning!
The lightning grounds out.
The centaur shoots an arrow.
The arrow hits you!
Prince Ribbit blinks!
The centaur shoots an arrow.
The arrow closely misses you. Prince Ribbit completely misses you.
You fly upwards.
There is a stone staircase leading down here.
Prince Ribbit is struck by an arc of lightning!
You are struck by an arc of lightning.
Prince Ribbit is struck by an arc of lightning.
You are struck by an arc of lightning.
The lightning grounds out.
Prince Ribbit hits you!
* * * LOW HITPOINT WARNING * * *
Okay, then.
Sorry, you're not good enough to have a special ability.
You aren't carrying any items that you can evoke.
Okay, then.
Press: ? - help, Shift-Dir - straight line The zap hits Prince Ribbit. x2; Prince Ribbit closely misses you.
Prince Ribbit misses you.
Press: ? - help, Shift-Dir - straight line The zap misses Prince Ribbit.
The zap hits Prince Ribbit!
Prince Ribbit hits you!
You die... ######## #....@F+ ##.#####

You could see Prince Ribbit.

Vanquished Creatures
  A phantom (D:3)
  2 elf zombies (Ossuary)
  A spectral bullfrog (Ossuary)
  A hound (D:3)
  5 human zombies (Ossuary)
  Terence (D:2)
  2 scorpion zombies (D:5)
  2 crocodile zombies (Ossuary)
  6 spectral hounds (Ossuary)
  A hound skeleton (D:5)
  3 mummies (Ossuary)
  2 adders
  2 hound simulacra (Ossuary)
  A spectral adder (Ossuary)
  A spectral gnoll (Ossuary)
  2 adder simulacra (Ossuary)
  6 orcs
  3 endoplasms
  A giant cockroach (D:2)
  2 gnoll zombies (Ossuary)
  6 goblins
  10 hobgoblins
  10 kobolds
  3 quokkas (D:1)
  6 ball pythons
  8 bats
  3 frilled lizards
  6 gnoll simulacra (Ossuary)
  A jackal simulacrum (Ossuary)
  7 kobold zombies (Ossuary)
  7 orc zombies (Ossuary)
  3 rats
  4 spectral jackals (Ossuary)
119 creatures vanquished.

Notes
Turn   | Place    | Note
-------+----------+-------------------------------------------
     0 | D:1      | James the Tengu Air Elementalist began the quest for the
                  | Orb.
     0 | D:1      | Reached XP level 1. HP: 10/10 MP: 4/4
    83 | D:1      | Noticed a shining eye
    85 | D:1      | Found a faded altar of an unknown god.
    87 | D:1      | Noticed a great orb of eyes
    87 | D:1      | Noticed a glass eye
    87 | D:1      | Noticed a great orb of eyes
   268 | D:1      | Reached XP level 2. HP: 15/15 MP: 0/6
   355 | D:1      | Learned a level 2 spell: Static Discharge
   821 | D:1      | Reached XP level 3. HP: 19/19 MP: 5/7
  1775 | D:2      | Noticed Terence
  1788 | D:2      | Killed Terence
  1789 | D:2      | Reached XP level 4. HP: 2/24 MP: 0/9
  2605 | D:3      | Found an iron altar of Okawaru.
  2646 | D:3      | Reached XP level 5. HP: 23/28 MP: 7/10
  2762 | D:3      | Noticed a phantom
  2775 | D:3      | Killed a phantom
  2776 | D:3      | Reached skill level 5 in Conjurations
  2776 | D:3      | Reached skill level 5 in Air Magic
  2776 | D:3      | Reached skill level 1 in Fighting
  3018 | D:3      | You fall into a shaft and drop 2 floors!
  3018 | D:5      | Entered Level 5 of the Dungeon
  3048 | D:5      | Found a sand-covered staircase.
  3062 | D:5      | Reached XP level 6. HP: 23/35 MP: 3/12
  3161 | Ossuary  | Entered an ossuary
  3811 | Ossuary  | Gained mutation: Your magical flight helps you evade
                  | attacks. (EV +4) [Tengu growth]
  3811 | Ossuary  | Reached XP level 7. HP: 10/38 MP: 0/14
  4355 | Ossuary  | Reached skill level 5 in Spellcasting
  4898 | D:5      | Found a staircase to the Ecumenical Temple.
  4899 | D:5      | Noticed Prince Ribbit
  4975 | D:4      | Mangled by Prince Ribbit

Illustrated notes

Levels and vault maps discovered:
D:1:      eino_arrival_druids_welcome, layout_loops_corners,
          hellmonk_ecumenical_altar_watching_god
D:2:      layout_rooms, serial_glass, glass_columns_c, glass_columns_b,
          feat_on_display, feat_on_display, feat_on_display, item_on_display_a,
          uniq_terence
D:3:      layout_basic, okawaru_metal_pillars_1_2
D:4:      layout_basic
D:5:      lemuel_castle_with_subvaults [lemuel_castle_interior_original],
          layout_loops_ring, mainiacjoe_overflow_two_lobes,
          minmay_temple_entry_glass, hellmonk_ghost_happy_afterlife,
          mainiacjoe_ossuary_entry_find_the_door, minmay_misc_feat_diagonals,
          uniq_prince_ribbit1

Skill      XL: |  1  2  3  4  5  6  7 |
---------------+----------------------+-----
Conjurations   | 2 4 5 6 |  6.0
Spellcasting   | 3 4 5 |  5.8
Air Magic      | 5 6 |  6.0
Fighting       | 2 |  2.0
Dodging        | |  2.1
Stealth        | |  2.0

Action                     |  1- 3 |  4- 6 |  7- 9 || total
---------------------------+-------+-------+-------++-------
  Melee: Dagger            |     4 |    85 |    35 ||   124
         Peck              |     2 |    14 |     3 ||    19
         Kick              |     1 |    27 |    15 ||    43
         Short sword       |     7 |       |       ||     7
         Punch             |       |     1 |       ||     1
   Cast: Shock             |    72 |    69 |    49 ||   190
         Static Discharge  |     3 |    25 |    20 ||    48
    Use: Scroll            |       |     1 |     3 ||     4
         Potion            |       |     2 |       ||     2
   Stab: Sleeping          |       |     2 |       ||     2
 Armour: Robe              |    14 |    68 |    47 ||   129
  Dodge: Dodged            |    11 |    59 |    36 ||   106

Table legend: (Time is in decaauts)
 A = Elapsed time spent in this place.
 B = Non-inter-level travel time spent in this place.
 C = Inter-level travel time spent in this place.
 D = Time resting spent in this place.
 E = Time spent auto-exploring this place.
 F = Levels seen in this place.
 G = Mean time per level.
                   A        B        C        D        E       F      G
               +--------+--------+--------+--------+--------+-----+--------+
         Total |   4923 |   4818 |    105 |   1336 |   2278 |   6 |  820.5 |
       Dungeon |   3267 |   3162 |    105 |    433 |   2122 |   5 |  653.4 |
       Ossuary |   1655 |   1655 |      0 |    903 |    156 |   1 | 1655.0 |
               +--------+--------+--------+--------+--------+-----+--------+

Top non-repeatable levels by time:
 Ossuary: 1655 daAuts
     D:1: 1452 daAuts
     D:3: 812 daAuts
     D:2: 753 daAuts
     D:5: 184 daAuts
     D:4: 64 daAuts
